 Dungeon Crawl Stone Soup version 0.19.0-19-g8c6edcc (webtiles) character file.

217271 magipi the Fencer (level 18, -12/110 HPs)
             Began as a Demonspawn Abyssal Knight on Nov 15, 2016.
             Was the Champion of Lugonu.
             Killed from afar by a wretched star (30 damage)
             ... with an orb of energy
             ... on level 1 of the Abyss.
             The game lasted 03:56:48 (44391 turns).

magipi the Fencer (Demonspawn Abyssal Knight)      Turns: 44391, Time: 03:56:48

Health: -12/110    AC: 45    Str: 15    XL:     18   Next: 38%
Magic:  13/19      EV: 10    Int:  9    God:    Lugonu [******]
Gold:   1068       SH:  0    Dex: 19    Spells: 0 memorised, 17 levels left

rFire  + . .     SeeInvis +     a - +7 great sword (vamp)
rCold  + + +     Gourm    .     o - +9 armour of the Dragon King {rPois rF+ rC+ MR+}
rNeg   . . .     Faith    .     (shield currently unavailable)
rPois  +         Spirit   .     (helmet unavailable)
rElec  +         Reflect  .     j - +2 cloak {MR+}
rCorr  .         Harm     .     y - +2 pair of gloves of Charity {rElec rPois rC+++}
MR     ++++.                    (boots unavailable)
Stlth  ..........               r - amulet of regeneration
                                m - ring of protection from magic
                                g - +4 ring of evasion

@: heavily drained
A: antennae 3, claws 2, talons 3, cold resistance 1, deterioration 2, dopey 2,
frail 2, icemail, low mp 3, powered by death 1, freezing cloud immunity
a: Depart the Abyss, Bend Space, Banish, Corrupt, Enter the Abyss, Brand Weapon
With Distortion, Renounce Religion
}: 1/15 runes: serpentine


You were on level 1 of the Abyss.
You worshipped Lugonu.
Lugonu was exalted by your worship.
You were hungry.

You visited 6 branches of the dungeon, and saw 31 of its levels.
You visited the Abyss 3 times.

You collected 3282 gold pieces.
You spent 2214 gold pieces at shops.

Notes
Turn   | Place    | Note
-------+----------+-------------------------------------------
     0 | Abyss:1  | magipi the Demonspawn Abyssal Knight began the quest for the Orb.
     0 | Abyss:1  | Reached XP level 1. HP: 18/18 MP: 2/2
     0 | Abyss:1  | Found a corrupted altar of Lugonu.
    65 | D:1      | Escaped the Abyss
    92 | D:1      | Reached skill level 2 in Long Blades
   256 | D:1      | Gained mutation: You have sharp toenails. [demonic ancestry]
   256 | D:1      | Reached XP level 2. HP: 24/24 MP: 3/3
   436 | D:1      | Reached * piety under Lugonu
   496 | D:1      | Reached skill level 3 in Long Blades
   701 | D:1      | Gained mutation: You have a pair of small antennae on your head. [demonic ancestry]
   701 | D:1      | Reached XP level 3. HP: 29/29 MP: 4/4
  1396 | D:2      | Reached XP level 4. HP: 32/35 MP: 5/5
  1409 | D:2      | Reached skill level 4 in Long Blades
  1600 | D:2      | Reached ** piety under Lugonu
  2025 | D:3      | Noticed BorisBritva's ghost (weakling NaGl)
  2195 | D:3      | Gained mutation: You have sharp fingernails. [demonic ancestry]
  2195 | D:3      | Reached XP level 5. HP: 41/41 MP: 6/6
  2326 | D:3      | Reached skill level 5 in Long Blades
  2656 | D:3      | Reached *** piety under Lugonu
  2789 | D:4      | Noticed Duvessa
  2789 | D:4      | Noticed Dowan
  3089 | D:3      | Gained mutation: You have very sharp fingernails. [demonic ancestry]
  3089 | D:3      | Reached XP level 6. HP: 38/47 MP: 7/7
  3193 | D:3      | Reached skill level 6 in Long Blades
  3289 | D:5      | Entered Level 5 of the Dungeon
  3363 | D:4      | Found a shattered altar of Ashenzari.
  3722 | D:5      | Noticed Menkaure
  3738 | D:5      | Killed Menkaure
  3738 | D:5      | Reached skill level 1 in Throwing
  3936 | D:5      | Found a bloodstained altar of Trog.
  3984 | D:5      | Gained mutation: You regenerate a little health from kills. [demonic ancestry]
  3984 | D:5      | Reached XP level 7. HP: 44/52 MP: 8/8
  4025 | D:5      | Found a blossoming altar of Fedhas.
  4238 | D:5      | Noticed Edmund
  4265 | D:5      | Killed Edmund
  4536 | D:5      | Reached skill level 7 in Long Blades
  4559 | D:5      | Found an ancient bone altar of Kikubaaqudgha.
  4560 | D:5      | Found a sacrificial altar of Ru.
  4563 | D:5      | Found a basalt altar of Yredelemnul.
  4615 | D:5      | Found Atih's Elemental Accessories.
  4623 | D:5      | Bought a wand of disintegration (7/24) for 154 gold pieces
  5089 | D:6      | Found Enlontyph's Book Shoppe.
  5177 | D:6      | Found Qutwemae's Distillery.
  5190 | D:6      | Bought a potion of heal wounds for 65 gold pieces
  5225 | D:6      | Found a stormy altar of Qazlal.
  5226 | D:6      | Noticed a fire elemental
  5226 | D:6      | Noticed an air elemental
  5226 | D:6      | Noticed a water elemental
  5240 | D:6      | Found Wigentugh's Book Boutique.
  5296 | D:6      | Found a stormy altar of Qazlal.
  5806 | D:6      | Found a staircase to the Ecumenical Temple.
  5813 | D:6      | Found Uvaarour's Antique Armour Boutique.
  5816 | Temple   | Entered the Ecumenical Temple
  5845 | D:6      | Found Yshrolat's Food Shop.
  5863 | D:6      | Found a runed door.
  5868 | D:6      | Noticed Crazy Yiuf
  5887 | D:6      | Killed Crazy Yiuf
  5887 | D:6      | Reached XP level 8. HP: 39/58 MP: 7/10
  6109 | D:7      | Noticed a hippogriff
  6810 | D:6      | Reached skill level 5 in Invocations
  7044 | D:6      | Reached skill level 8 in Long Blades
  7044 | D:6      | Reached skill level 5 in Throwing
  7049 | D:6      | Reached **** piety under Lugonu
  7069 | D:7      | Reached XP level 9. HP: 59/63 MP: 14/14
  7195 | D:7      | Got a warped leather armour
  7505 | D:7      | Reached skill level 9 in Long Blades
  8936 | D:8      | Found a staircase to the Lair.
  8936 | D:8      | Noticed an elephant
  8994 | D:8      | Killed an elephant
  8994 | D:8      | Reached XP level 10. HP: 70/70 MP: 16/16
  9292 | D:8      | Reached ***** piety under Lugonu
  9855 | D:9      | Found Lotetar's Antique Armour Shoppe.
  9971 | D:9      | Found Xoaveym's Antique Weapon Boutique.
 10009 | D:9      | Found Saocuece's Distillery.
 10331 | D:9      | Reached skill level 10 in Invocations
 10399 | D:10     | Entered Level 10 of the Dungeon
 10515 | D:10     | Reached skill level 10 in Long Blades
 10721 | D:10     | Reached skill level 1 in Dodging
 10749 | D:10     | Found a staircase to the Orcish Mines.
 10912 | D:10     | Noticed a gargoyle
 10952 | D:10     | Killed a gargoyle
 11358 | D:10     | Noticed Snorg
 11383 | D:10     | You fall through a shaft!
 11479 | D:11     | Noticed a purple ugly thing
 11801 | D:11     | Noticed Harold
 12071 | D:12     | Noticed a cyclops
 12103 | D:12     | Killed a cyclops
 12103 | D:12     | Gained mutation: You have a pair of antennae on your head. [demonic ancestry]
 12103 | D:12     | Reached XP level 11. HP: 54/75 MP: 14/19
 12143 | D:12     | Got a smoking great sword
 12144 | D:12     | Identified the cursed +3 great sword "Koshuan" {speed, Int+3} (You found it on level 12 of the Dungeon)
 12439 | D:12     | Noticed Josephine
 12456 | D:12     | Killed Josephine
 12582 | D:11     | Noticed a hill giant
 12584 | D:11     | Banished a hill giant
 12826 | D:11     | Killed an unseen horror
 12826 | D:11     | Reached skill level 1 in Evocations
 12845 | Abyss:1  | Noticed a wretched star
 12846 | Abyss:1  | Found a corrupted altar of Lugonu.
 12853 | D:11     | Escaped the Abyss
 12872 | D:11     | Killed a cyan ugly thing
 12886 | D:11     | Reached skill level 5 in Armour
 12944 | D:11     | Noticed a hill giant
 13092 | D:12     | Noticed a hill giant
 13102 | D:12     | Killed a hill giant
 13436 | D:12     | Reached skill level 5 in Dodging
 13451 | D:12     | HP: 4/112 [wight/spear (2)]
 13789 | D:11     | Killed Harold
 13903 | D:11     | Found a snail-covered altar of Cheibriados.
 13918 | D:11     | Identified the +0 leather armour of Cerhint {rElec rF+ Int+3} (You found it on level 7 of the Dungeon)
 14439 | D:11     | Gained mutation: You have razor-sharp toenails. [demonic ancestry]
 14439 | D:11     | Reached XP level 12. HP: 53/81 MP: 21/21
 14473 | D:11     | Reached skill level 11 in Long Blades
 14581 | D:11     | Identified a scroll of acquirement
 15356 | Lair:1   | Entered Level 1 of the Lair of Beasts
 16346 | Lair:2   | Reached skill level 5 in Evocations
 16985 | Lair:2   | Found a staircase to the Shoals.
 17806 | Lair:3   | Noticed a four-headed hydra
 17843 | Lair:3   | Killed a four-headed hydra
 18361 | Lair:3   | Noticed Gastronok
 18426 | Lair:3   | Killed Gastronok
 18426 | Lair:3   | Reached skill level 12 in Long Blades
 18720 | Lair:4   | Noticed a five-headed hydra
 18777 | Lair:3   | Noticed a seven-headed hydra
 18794 | Lair:2   | Gained mutation: Your flesh is cold resistant. (rC+) [demonic ancestry]
 18794 | Lair:2   | Reached XP level 13. HP: 86/86 MP: 22/22
 19418 | Lair:4   | Found a staircase to the Snake Pit.
 20166 | Lair:5   | Found an iron altar of Okawaru.
 20582 | Lair:5   | Found a viscous altar of Jiyva.
 20582 | Lair:5   | Found a staircase to the Slime Pits.
 20800 | Lair:6   | Entered Level 6 of the Lair of Beasts
 20993 | Lair:6   | Reached skill level 13 in Long Blades
 21128 | Lair:6   | Found a runed door.
 21156 | Lair:6   | Noticed a fire dragon
 21165 | Lair:6   | Killed a fire dragon
 21430 | Lair:6   | Reached skill level 14 in Long Blades
 21508 | Lair:6   | Paralysed by a hornet for 3 turns
 21515 | Lair:6   | Paralysed by a hornet for 2 turns
 22753 | Lair:6   | Reached XP level 14. HP: 79/93 MP: 23/23
 23024 | Lair:6   | Reached ****** piety under Lugonu
 23243 | Lair:6   | Reached skill level 5 in Fighting
 23939 | D:13     | Noticed Erolcha
 23940 | D:13     | Banished Erolcha
 24157 | D:14     | Noticed Agnes
 24186 | D:14     | Noticed Rupert
 24345 | D:10     | Killed Snorg
 24493 | D:4      | Noticed Grinder
 24498 | D:4      | Killed Dowan
 24503 | D:4      | Paralysed by Grinder for 2 turns
 24507 | D:4      | Killed Grinder
 24564 | D:4      | Killed Duvessa
 24923 | D:3      | Killed BorisBritva's ghost
 25058 | Orc:1    | Entered Level 1 of the Orcish Mines
 25372 | Orc:1    | Noticed Charly's ghost (journeyman MiBe)
 25397 | Orc:1    | Killed Charly's ghost
 25426 | Orc:1    | Reached skill level 10 in Armour
 25599 | Orc:1    | Noticed an orc warlord
 25630 | Orc:1    | Banished an orc warlord
 26052 | Orc:2    | Entered Level 2 of the Orcish Mines
 26218 | Orc:2    | Found a staircase to the Elven Halls.
 26711 | Orc:2    | Found Feerah's Food Shop.
 26711 | Orc:2    | Found Pemeselo's Food Emporium.
 26765 | Orc:2    | Found a roughly hewn altar of Beogh.
 27094 | Orc:2    | Found Ohyf's Distillery.
 27094 | Orc:2    | Found Sohut's General Store.
 27108 | Orc:2    | Bought a potion of might for 44 gold pieces
 27117 | Orc:2    | Bought a potion of magic for 96 gold pieces
 27117 | Orc:2    | Bought a potion of flight for 36 gold pieces
 27117 | Orc:2    | Bought a potion of haste for 120 gold pieces
 27495 | Snake:1  | Entered Level 1 of the Snake Pit
 27982 | Snake:1  | Gained mutation: You are immune to freezing clouds. [demonic ancestry]
 27982 | Snake:1  | Reached XP level 15. HP: 106/110 MP: 24/24
 28175 | Snake:1  | Reached skill level 10 in Evocations
 28206 | Snake:1  | Noticed a nagaraja
 28272 | Snake:1  | Noticed a nagaraja
 28292 | Snake:1  | Killed a nagaraja
 28504 | Snake:1  | HP: 3/112 [guardian serpent (16)]
 28855 | Snake:1  | Killed a nagaraja
 29115 | Snake:2  | Noticed Aizul
 29438 | Snake:2  | Noticed Vashnia
 29953 | Snake:2  | Killed Aizul
 30342 | Snake:2  | Killed Vashnia
 30342 | Snake:2  | Reached skill level 10 in Fighting
 30397 | Snake:2  | Noticed a nagaraja
 30426 | Snake:2  | Killed a nagaraja
 30650 | D:9      | Bought a potion of curing for 45 gold pieces
 30650 | D:9      | Bought a potion of curing for 45 gold pieces
 30650 | D:9      | Bought a potion of curing for 45 gold pieces
 30650 | D:9      | Bought a potion of heal wounds for 75 gold pieces
 30650 | D:9      | Bought 2 potions of heal wounds for 150 gold pieces
 30650 | D:9      | Bought a potion of curing for 45 gold pieces
 30650 | D:9      | Bought a potion of invisibility for 120 gold pieces
 31002 | Snake:2  | Noticed a nagaraja
 31021 | Snake:2  | Killed a nagaraja
 31056 | Snake:2  | Noticed a nagaraja
 31097 | Snake:2  | Killed a nagaraja
 31216 | Snake:2  | Noticed Nikola
 31230 | Snake:2  | Killed Nikola
 31324 | Snake:2  | Got a pair of ancient gloves
 31325 | Snake:2  | Identified the +2 pair of gloves of Charity {rElec rPois rC+++} (You took it off Nikola on level 2 of the Snake Pit)
 31658 | Snake:3  | Noticed Donald
 32129 | Snake:2  | Gained mutation: You have a pair of large antennae on your head. (SInv) [demonic ancestry]
 32129 | Snake:2  | Reached XP level 16. HP: 117/125 MP: 25/25
 32627 | Snake:3  | Noticed Roxanne
 32834 | Snake:3  | Found Bifuph's Jewellery Shop.
 32838 | Snake:3  | Found Ujiqifid's Weapon Shop.
 32838 | Snake:3  | Found Datux's General Store.
 32865 | Snake:3  | Found Helivuso's Antique Armour Boutique.
 32879 | Snake:3  | Bought a scroll of blinking for 150 gold pieces
 32882 | Snake:3  | Bought an uncursed ring of resist corrosion for 340 gold pieces
 34224 | Snake:3  | Killed Donald
 35214 | Snake:4  | Entered Level 4 of the Snake Pit
 35445 | Snake:4  | Found Guppooc's Antique Armour Shoppe.
 35456 | Snake:4  | Bought a pair of crude boots for 342 gold pieces
 35456 | Snake:4  | Bought a pair of smoking boots for 342 gold pieces
 35457 | Snake:4  | Identified the cursed +0 pair of boots of Trog's Esteem {-Tele MR++ SInv} (You bought it in a shop on level 4 of the Snake Pit)
 35461 | Snake:4  | Identified the cursed +0 pair of boots of Nediug {+Fly rElec} (You bought it in a shop on level 4 of the Snake Pit)
 36405 | Snake:4  | Reached skill level 10 in Dodging
 36988 | Snake:4  | Gained mutation: You have claws for feet. [demonic ancestry]
 36988 | Snake:4  | Reached XP level 17. HP: 111/131 MP: 26/26
 37498 | Snake:4  | Reached skill level 15 in Long Blades
 38967 | Snake:4  | Got a serpentine rune of Zot
 39242 | Shoals:1 | Entered Level 1 of the Shoals
 40839 | Shoals:2 | Noticed a kraken
 40855 | Shoals:2 | Killed a kraken
 40858 | Shoals:2 | Reached skill level 15 in Armour
 40883 | Shoals:2 | HP: 5/131 [drowned by a water elemental (14)]
 41947 | Shoals:3 | Gained mutation: A meltable icy envelope protects you from harm. (AC +10) [demonic ancestry]
 41947 | Shoals:3 | Reached XP level 18. HP: 138/138 MP: 27/27
 42711 | Shoals:4 | Entered Level 4 of the Shoals
 42759 | Shoals:4 | Reached skill level 16 in Long Blades
 42764 | Shoals:4 | Noticed Ilsuiw
 43100 | Shoals:3 | Killed Ilsuiw
 43198 | Shoals:4 | Found Efixurph's Food Boutique.
 43337 | Shoals:4 | Identified the +6 great sword of Guilt {pain, rElec Str+4 Int+2} (You found it on level 4 of the Shoals)
 44380 | Abyss:1  | HP: 4/138 [starcursed mass/accursed screaming (9)]
 44391 | Abyss:1  | Killed from afar by a wretched star

Inventory:

Hand Weapons
 a - a +7 vampiric great sword (weapon)
 I - the +6 great sword of Guilt {pain, rElec Str+4 Int+2}
   (You found it on level 4 of the Shoals)

   In the hands of one skilled in necromantic magic, it inflicts extra damage on
   living creatures.
   It affects your strength (+4).
   It affects your intelligence (+2).
   It insulates you from electricity.
Missiles
 e - 6 javelins (quivered)
 k - 10 throwing nets
 w - 6 javelins of penetration
Armour
 j - a +2 cloak of magic resistance (worn)
 o - the +9 armour of the Dragon King (worn) {rPois rF+ rC+ MR+}
   (You found it on level 1 of the Snake Pit)

   It protects you from fire.
   It protects you from cold.
   It protects you from poison.
   It affects your resistance to hostile enchantments.
 y - the +2 pair of gloves of Charity (worn) {rElec rPois rC+++}
   (You took it off Nikola on level 2 of the Snake Pit)

   It renders you almost immune to cold.
   It insulates you from electricity.
   It protects you from poison.
Jewellery
 c - an uncursed ring of protection from cold
 f - an uncursed ring of protection from fire
 g - a +4 ring of evasion (left hand)
 l - an uncursed amulet of rage
 m - a ring of protection from magic (right hand)
 r - an amulet of regeneration (around neck)
 A - an uncursed ring of flight
 P - an uncursed ring of resist corrosion
Wands
 i - a wand of digging (1/24)
 t - a wand of confusion (2/48)
 x - a wand of paralysis (0/24)
 F - a wand of polymorph (10/24)
 J - a wand of digging (9/24)
 K - a wand of iceblast (6/15)
 L - a wand of confusion (18/48)
 Q - a wand of polymorph (8/24)
 S - a wand of lightning (3/15)
 U - a wand of disintegration (14/24)
 Z - a wand of iceblast (4/15)
Scrolls
 n - 4 scrolls of immolation
 q - 6 scrolls of remove curse
 z - 15 scrolls of identify
 B - 3 scrolls of vulnerability
 M - 5 scrolls of recharging
 N - a scroll of blinking
 O - a scroll of silence
 R - a scroll of fear
 T - 5 scrolls of magic mapping
 X - a scroll of fog
Potions
 h - 2 potions of magic
 p - 2 potions of invisibility
 u - 4 potions of curing
 C - 4 potions of cancellation
 G - 3 potions of lignification
 W - a potion of resistance
Miscellaneous
 b - a box of beasts
 s - a sack of spiders
 V - a fan of gales
Comestibles
 d - 7 meat rations
 v - a chunk of flesh
 D - 3 fruits
 H - 7 bread rations


   Skills:
 - Level 11.1(9.5) Fighting
 - Level 16.3(14.4) Long Blades
 - Level 7.3(5.8) Throwing
 + Level 15.1(13.3) Armour
 + Level 12.2(10.5) Dodging
 + Level 13.6(11.9) Invocations
 - Level 10.4(8.8) Evocations


You had 17 spell levels left.
You didn't know any spells.

Dungeon Overview and Level Annotations

Branches:
Dungeon (14/15)            Temple (1/1) D:6            Lair (6/6) D:8
 Shoals (4/4) Lair:2        Snake (4/4) Lair:4        Slime (0/5) Lair:5
    Orc (2/2) D:10            Elf (0/3) Orc:2
 Vaults: D:13-14

Altars:
Ashenzari
Cheibriados
Fedhas
Kikubaaqudgha
Okawaru
Qazlal
Ru
Trog
Yredelemnul
The Shining One
Beogh
Jiyva

Shops:
D:5 *   D:6 ::[%!   D:9 [!(   Orc:2 *!%%   Shoals:4 %   Snake:3 *[=(
Snake:4 [

Annotations:
D:12 exclusion: door
D:14 Agnes; Rupert
Snake:3 exclusion: Roxanne, Roxanne
Abyss:1 Erolcha


Innate Abilities, Weirdness & Mutations

You have a pair of large antennae on your head. (SInv)
You have very sharp fingernails.
You have claws for feet.
Your flesh is cold resistant. (rC+)
A meltable icy envelope protects you from harm. (AC +10)
You regenerate a little health from kills.
You are immune to freezing clouds.
[Your body often deteriorates upon taking damage.]
[You are very dopey. (Int -4)]
[You are very frail. (-20% HP)]
[Your magical capacity is extremely low. (-30% MP)]

Vault maps used:
D:1:      minmay_arrival_solitary_statue, minmay_tetromino_l4
D:2:      first_bread
D:3:      portal_sewer_entry_b, mrwooster_statue_mirror
D:4:      evilmike_ruin_ashenzari, uniq_duvessa, uniq_grinder
D:5:      minitemple, basic_altar, grunt_decor_fettered, nicolae_elemental_shop,
          uniq_edmund, uniq_menkaure
D:6:      lemuel_crystal_altar, serial_shops, shop, shop, nicolae_shop_trees,
          nicolae_shop_waterfront, shop_fountains,
          nicolae_qazlal_style_of_elements, uniq_crazy_yiuf_cottage
D:7:      grunt_livestock
D:8:      david_lair_generic
D:9:      serial_shops, kennysheep_mini, kennysheep_mini_moat,
          nicolae_shop_overgrown_old_shop
D:10:     orc_0_dummy, uniq_snorg
D:11:     portal_ice_cave_rime, minmay_ruined_shrine, uniq_harold
D:12:     nrook_guardian_serpent_ordinary, uniq_josephine
D:13:     uniq_erolcha
D:14:     erik_vaults_1, serial_glass, glass_columns_a, glass_columns_b,
          hangedman_glass_teeth, uniq_rupert, uniq_agnes
Temple:   eino_wide_crystal_templ
Lair:1:   bh_autumn_forest_stairs
Lair:2:   minmay_shoals_entry_lonely_mermaid, infiniplex_staircase_pool_2,
          grunt_megastairs_3
Lair:3:   serial_bayou_pond_b, grunt_megastairs_5, serial_bayou_shore_a,
          uniq_gastronok
Lair:4:   minmay_snake_entry_spellcaster
Lair:5:   slime_altar_1, basic_altar, serial_bayou_shore_b
Lair:6:   hangedman_lair_caniforms_friends, wormcave
Shoals:3: yaktaur_hedge
Shoals:4: shoals_end_grunt_ice, shoals_ilsuiw_ice, serial_shops, shop
Snake:1:  nrook_guardian_serpent_double
Snake:2:  nrook_guardian_serpent_snake_passage, uniq_aizul, uniq_vashnia,
          uniq_nikola
Snake:3:  nicolae_snake_squiggles, minmay_shoptagon, uniq_roxanne, uniq_donald
Snake:4:  snake_pit_salamanders_mu, serial_shops, shop, lemuel_fruit_tree
Orc:1:    nicolae_orc_flooded_monolith
Orc:2:    st_orc_town


Message History

You slice the starcursed mass!!
You destroy the starcursed mass!
A starcursed mass splits.
Unknown command.
You hit the starcursed mass but do no damage.
The starcursed mass is lightly damaged.
The starcursed mass engulfs you.
* * * LOW HITPOINT WARNING * * *
The starcursed mass closely misses you.
You riposte.
You slash the starcursed mass!
You destroy the starcursed mass!
Some of the chunks of flesh in your inventory have rotted away.
You hit the starcursed mass but do no damage.
You claw the starcursed mass, but do no damage.
The starcursed mass is lightly damaged.
The starcursed mass engulfs you but does no damage.
Unknown command.
You hit the starcursed mass but do no damage.
The starcursed mass is lightly damaged.
A starcursed mass splits.
The starcursed mass engulfs you but does no damage.
Unknown command.
You hit the starcursed mass.
The starcursed mass is heavily damaged.
The starcursed mass shudders and is absorbed by its neighbour.
A chorus of shrieks assaults your mind.
* * * LOW HITPOINT WARNING * * *
The starcursed mass engulfs you but does no damage.
You hit the starcursed mass.
You claw the starcursed mass, but do no damage.
The starcursed mass is lightly damaged.
The starcursed mass shudders and is absorbed by its neighbour.
The starcursed mass engulfs you but does no damage.
Unknown command.
You slice the starcursed mass!!
The starcursed mass is almost destroyed.
A starcursed mass splits.
A chorus of shrieks assaults your mind.
* * * LOW HITPOINT WARNING * * *
You hit the starcursed mass.
You claw the starcursed mass, but do no damage.
The starcursed mass is almost destroyed.
The starcursed mass shudders and is absorbed by its neighbour.
A starcursed mass splits.
A chorus of shrieks assaults your mind.
* * * LOW HITPOINT WARNING * * *
You feel better. The starcursed mass engulfs you.
* * * LOW HITPOINT WARNING * * *
Unknown command.
You feel better.
The starcursed mass engulfs you but does no damage. x2
Unknown command.
Unknown command.
You hit the starcursed mass but do no damage.
You claw the starcursed mass, but do no damage.
The starcursed mass is severely damaged.
The starcursed mass closely misses you.
The starcursed mass engulfs you but does no damage.
Unknown command.
You hit the starcursed mass.
The starcursed mass is severely damaged.
The starcursed mass shudders and is absorbed by its neighbour.
A starcursed mass splits.
Unknown command.
You slash the starcursed mass!
You destroy the starcursed mass!
The starcursed mass shrieks in your mind.
* * * LOW HITPOINT WARNING * * *
Unknown command.
You slice the starcursed mass!!
You destroy the starcursed mass!
The wretched star pulses with an eldritch light!
You feel stupid. x2
Unknown command.
Your armour of the Dragon King prevents you from hitting the wretched star.
Your kick misses the wretched star.
The wretched star pulses with an eldritch light!
You feel frail. x2; You feel yourself wasting away.
You feel your body start to fall apart.
Unknown command.
You hit the wretched star. Your kick misses the wretched star.
The wretched star is lightly damaged.
The wretched star glows turbulently.
The orb of energy misses you.
Unknown command.
You hit the wretched star but do no damage.
The wretched star is lightly damaged.
The wretched star pulses with an eldritch light!
You feel less energetic. x3
Unknown command.
You completely miss the wretched star.
You claw the wretched star, but do no damage.
The wretched star is lightly damaged.
Unknown command.
You slice the wretched star!!
You claw the wretched star, but do no damage.
The wretched star is heavily damaged.
The wretched star glows turbulently.
The orb of energy hits you!
You die...

#.#... #.
..... .# #
....#....# #
.#..#.. #.# .
.. #
#....#...# .
≈
...#....#..#
...
....#.....≈#
≈ ≈. #
#....@#. ##≈≈
.≈
.##...*...#..
≈ .
#......##(##
.≈.≈ .
#.###..## ##
. ≈ §§
##...≈≈ #≈ .
X §
#.....≈≈≈≈..
≈ ≈..
###....≈≈≈
≈≈≈ ≈≈
...#... ≈≈≈≈.
≈≈
#.##..≈..≈≈.
≈≈≈≈≈


You could see a wretched star.

Vanquished Creatures
  Vashnia (Snake:2)
  Gastronok (Lair:3)
  A kraken (Shoals:2)
  12 nagarajas
  Donald (Snake:3)
  Aizul (Snake:2)
  A merfolk javelineer (Shoals:4)
  Snorg (D:10)
  7 merfolk impalers
  A fire dragon (Lair:6)
  The ghost of Charly the Severer, a journeyman MiBe of Trog (Orc:1)
  Josephine (D:12)
  Harold (D:11)
  14 naga warriors
  2 hydras
  2 alligator snapping turtles (Shoals:3)
  13 anacondas
  2 merfolk avatars (Shoals:4)
  A satyr (Shoals:2)
  5 merfolk aquamancers
  A centaur warrior (D:10)
  11 orc high priests (Orc:2)
  A death yak (Lair:6)
  20 naga sharpshooters
  11 shock serpents
  10 salamander mystics
  10 sea snakes
  An unseen horror (D:11)
  2 hill giants
  3 harpies (Shoals:1)
  6 naga ritualists
  7 lindwurms
  An orc knight (D:10)
  12 mana vipers
  8 fauns
  6 cyclopes
  A deep elf mage (Orc:2)
  An ugly thing (D:11)
  12 manticores
  An orc sorcerer (Orc:1)
  13 salamanders
  43 black mambas
  An elephant (D:8)
  14 sirens
  14 guardian serpents
  A guardian serpent (shapeshifter) (D:13)
  2 water nymphs
  7 torpor snails (Lair:6)
  27 naga magi
  11 spiny frogs
  A gargoyle (D:10)
  A centaur skeleton (D:11)
  A yaktaur (Shoals:3)
  6 rime drakes
  6 komodo dragons
  7 trolls
  6 wind drakes
  9 polar bears (Lair:6)
  Grinder (D:4)
  33 merfolk
  14 blink frogs
  A two-headed ogre (D:11)
  A slime creature (Snake:4)
  9 hornets
  3 tyrant leeches (Lair:6)
  9 dream sheep
  9 hippogriffs
  4 raiju (Lair:6)
  7 snapping turtles
  11 water elementals
  A redback (Snake:4)
  4 wyverns
  3 wraiths (D:12)
  22 yaks
  A human (D:7)
  4 hogs
  A golden eye (Lair:5)
  2 vampire mosquitoes (D:12)
  4 basilisks
  Menkaure (D:5)
  A mottled dragon (D:12)
  11 wargs
  Edmund (D:5)
  11 water moccasins
  44 nagas
  Duvessa (D:4)
  10 orc warriors
  6 hell hounds (Lair:6)
  8 porcupines
  7 sky beasts
  A hornet zombie (D:8)
  5 ice beasts
  14 black bears
  4 phantoms
  7 starcursed masses (Abyss:1)
  19 wolves
  9 ogres
  7 centaurs
  10 crocodiles
  2 big kobolds
  17 bullfrogs
  A wyvern skeleton (D:11)
  A water moccasin zombie (D:11)
  Dowan (D:4)
  5 scorpions
  The ghost of BorisBritva the Poker, a weakling NaGl (D:3)
  13 killer bees
  5 wights (D:12)
  A howler monkey (D:6)
  An electric eel (Lair:3)
  7 crimson imps
  2 bullfrog zombies
  3 centaur zombies
  3 jellies
  10 orc wizards
  Crazy Yiuf (D:6)
  A gnoll shaman (D:3)
  29 orc priests
  15 hounds
  6 bullfrog skeletons
  7 iguanas
  5 worker ants
  A hound skeleton (D:11)
  3 worker ant zombies
  10 gnolls
  2 howler monkey zombies
  A howler monkey skeleton (D:11)
  18 adders
  5 shadow imps
  An ooze (D:1)
  An adder zombie (D:8)
  An adder skeleton (D:9)
  2 worms
  4 dart slugs
  3 leopard geckos
  85 orcs
  7 giant cockroaches
  13 hobgoblins
  13 jackals
  2 quokkas
  3 ball pythons
  4 bats
  7 frilled lizards
  5 goblins
  2 jackal zombies
  8 kobolds
  A leopard gecko skeleton (D:5)
  A quokka skeleton (D:4)
  12 rats
  2 plants
  4 tentacles (Shoals:2)
1043 creatures vanquished.

Vanquished Creatures (collateral kills)
  Nikola (Snake:2)
  Ilsuiw (Shoals:3)
  2 black mambas (Snake:2)
  A naga mage (Snake:2)
  A wind drake (Shoals:4)
  A wraith (D:11)
  A yak (D:11)
  A hornet zombie (D:11)
  2 centaurs (D:11)
  A worker ant zombie (D:11)
12 creatures vanquished.

Vanquished Creatures (others)
  An orc warlord (Orc:1)
  A hydra (Lair:4)
  A naga ritualist (Snake:1)
  A hill giant (D:11)
  2 orc sorcerers
  A black mamba (Snake:3)
  A naga (Snake:1)
  2 orc warriors
  12 fungi
  22 plants
  4 tentacles
48 creatures vanquished.

Grand Total: 1103 creatures vanquished

Action                   |  1- 3 |  4- 6 |  7- 9 | 10-12 | 13-15 | 16-18 || total
-------------------------+-------+-------+-------+-------+-------+-------++-------
Melee: Falchion          |   129 |   277 |   767 |   443 |       |       ||  1616
       Kick              |    30 |    75 |   249 |   414 |   599 |   798 ||  2165
       Great sword       |       |       |       |   709 |  1656 |  2030 ||  4395
Throw: Javelin           |     2 |     2 |    20 |    59 |    33 |     9 ||   125
       Throwing net      |       |       |       |     1 |       |       ||     1
Invok: Depart the Abyss  |     1 |       |       |     1 |       |       ||     2
       Banish            |       |       |       |     5 |     9 |     4 ||    18
       Bend Space        |       |       |       |     3 |       |       ||     3
       Enter the Abyss   |       |       |       |     1 |       |     1 ||     2
 Abil: Evoke Berserk Rag |       |       |       |     8 |     8 |    14 ||    30
Evoke: Wand              |       |       |     2 |    20 |    22 |    35 ||    79
       Phantom mirror    |       |       |       |       |     1 |       ||     1
  Use: Potion            |     3 |     1 |     5 |    11 |    16 |    12 ||    48
       Scroll            |       |     8 |    12 |    17 |    14 |    12 ||    63
 Stab: Invisible         |       |       |     3 |       |       |     7 ||    10
       Confused          |       |       |       |     5 |       |     1 ||     6
       Paralysed         |       |       |       |    11 |    18 |       ||    29
       Distracted        |       |       |       |     1 |     1 |     2 ||     4
  Eat: Chunk             |     1 |     9 |    13 |    20 |    18 |    25 ||    86
       Beef jerky        |       |       |     1 |     3 |    16 |     4 ||    24
       Pizza             |       |       |     1 |     8 |       |     1 ||    10
       Royal jelly       |       |       |     1 |       |       |     1 ||     2
       Fruit             |       |       |       |    11 |     4 |    11 ||    26
       Bread ration      |       |       |       |     1 |     2 |     1 ||     4
       Meat ration       |       |       |       |       |       |     2 ||     2
Armor: Ring mail         |     1 |       |       |       |       |       ||     1
       Scale mail        |    63 |    22 |       |     1 |       |       ||    86
       Chain mail        |       |   109 |   426 |   542 |   620 |       ||  1697
       Skin              |       |       |       |    22 |       |       ||    22
       Crystal plate arm |       |       |       |   263 |     3 |       ||   266
       Gold dragon scale |       |       |       |       |   330 |  1575 ||  1905
Dodge: Dodged            |    84 |   138 |   314 |   570 |   878 |   818 ||  2802
       Rpst.: Falchion   |    20 |    47 |    95 |    45 |       |       ||   207
       Great sword       |       |       |       |   100 |   227 |   199 ||   526

Action                   |  1- 3 |  4- 6 |  7- 9 | 10-12 | 13-15 | 16-18 || total
-------------------------+-------+-------+-------+-------+-------+-------++-------
Melee: Falchion          |   129 |   277 |   767 |   443 |       |       ||  1616
       Kick              |    30 |    75 |   249 |   414 |   599 |   798 ||  2165
       Great sword       |       |       |       |   709 |  1656 |  2030 ||  4395
Throw: Javelin           |     2 |     2 |    20 |    59 |    33 |     9 ||   125
       Throwing net      |       |       |       |     1 |       |       ||     1
Invok: Depart the Abyss  |     1 |       |       |     1 |       |       ||     2
       Banish            |       |       |       |     5 |     9 |     4 ||    18
       Bend Space        |       |       |       |     3 |       |       ||     3
       Enter the Abyss   |       |       |       |     1 |       |     1 ||     2
 Abil: Evoke Berserk Rag |       |       |       |     8 |     8 |    14 ||    30
Evoke: Wand              |       |       |     2 |    20 |    22 |    35 ||    79
       Phantom mirror    |       |       |       |       |     1 |       ||     1
  Use: Potion            |     3 |     1 |     5 |    11 |    16 |    12 ||    48
       Scroll            |       |     8 |    12 |    17 |    14 |    12 ||    63
 Stab: Invisible         |       |       |     3 |       |       |     7 ||    10
       Confused          |       |       |       |     5 |       |     1 ||     6
       Paralysed         |       |       |       |    11 |    18 |       ||    29
       Distracted        |       |       |       |     1 |     1 |     2 ||     4
  Eat: Chunk             |     1 |     9 |    13 |    20 |    18 |    25 ||    86
       Beef jerky        |       |       |     1 |     3 |    16 |     4 ||    24
       Pizza             |       |       |     1 |     8 |       |     1 ||    10
       Royal jelly       |       |       |     1 |       |       |     1 ||     2
       Fruit             |       |       |       |    11 |     4 |    11 ||    26
       Bread ration      |       |       |       |     1 |     2 |     1 ||     4
       Meat ration       |       |       |       |       |       |     2 ||     2
Armor: Ring mail         |     1 |       |       |       |       |       ||     1
       Scale mail        |    63 |    22 |       |     1 |       |       ||    86
       Chain mail        |       |   109 |   426 |   542 |   620 |       ||  1697
       Skin              |       |       |       |    22 |       |       ||    22
       Crystal plate arm |       |       |       |   263 |     3 |       ||   266
       Gold dragon scale |       |       |       |       |   330 |  1575 ||  1905
Dodge: Dodged            |    84 |   138 |   314 |   570 |   878 |   818 ||  2802
       Rpst.: Falchion   |    20 |    47 |    95 |    45 |       |       ||   207
       Great sword       |       |       |       |   100 |   227 |   199 ||   526
